 Dungeon Crawl Stone Soup version 0.31-a0-234-gad7ace16ef (webtiles) character file.

Game seed: 15560534422866181342

5 Nattfarinn the Stinger (level 1, -1/13 HPs)
             Began as a Demonspawn Venom Mage on July 10, 2023.
             Slain by a jackal (3 damage)
             ... on level 1 of the Dungeon.
             The game lasted 00:00:31 (218 turns).

Nattfarinn the Stinger (Demonspawn Venom Mage)       Turns: 218, Time: 00:00:32

Health: -1/13      AC:  2    Str:  8    XL:     1   Next: 66%
Magic:  0/3        EV: 12    Int: 16    God:
Gold:   6          SH:  0    Dex: 13    Spells: 3/4 levels left

rFire   . . .        (no weapon)
rCold   . . .        (no shield)
rNeg    . . .        a - +0 robe
rPois   .            (no helmet)
rElec   .            (no cloak)
rCorr   .            (no gloves)
SInv    .            (no boots)
Will    .....        (no amulet)
Stlth   ++           (no ring)
HPRegen 0.22/turn    (no ring)
MPRegen 0.08/turn

%: no passive effects
@: no status effects
A: no striking features
a: no special abilities


You were on level 1 of the Dungeon.
You visited 1 branch of the dungeon, and saw 1 of its levels.

You collected 6 gold pieces.

Inventory:

Armour
 a - a +0 robe (worn)
Scrolls
 d - a scroll of teleportation {unknown}
 e - 2 scrolls of identify {unknown}
Potions
 b - a potion of magic
 c - a potion of haste {unknown}


   Skills:
 - Level 1.7 Dodging
 - Level 1.7 Stealth
 + Level 2.1 Spellcasting
 - Level 0.8 Transmutations
 * Level 3.2 Poison Magic


You had 3 spell levels left.
You knew the following spells:

 Your Spells              Type           Power      Damage    Failure   Level
a - Sting                 Tmut/Pois      32%        1d4       9%          1

Your spell library contained the following spells:

 Spells                   Type           Power      Damage    Failure   Level
 Poisonous Vapours        Pois/Air       12%        N/A       16%         2
 Mephitic Cloud           Conj/Pois/Air  5%         N/A       36%         3
 Olgreb's Toxic Radiance  Pois           12%        N/A       47%         4


Dungeon Overview and Level Annotations

Branches:
Dungeon (1/15)

Altars:


Message History

You are too injured to fight recklessly!
You kill the jackal!
The jackal completely misses you. The jackal attacks as you move away!
The jackal bites you but does no damage.
The jackal bites you. The jackal barely misses you.
The jackal attacks as you move away! The jackal closely misses you.
The jackal misses you.
You closely miss the jackal. The jackal closely misses you.
You barely miss the jackal. The jackal bites you.
You closely miss the jackal. The jackal completely misses you.
The jackal bites you but does no damage.
You barely miss the jackal. The jackal bites you.
You hit the jackal but do no damage. The jackal bites you.
The jackal completely misses you.
Casting: Sting (safe; 9% risk of failure)
Confirm with . or Enter, or press ? or * to list all spells.
Aiming: Sting (safe; 9% risk of failure)
Press: ? - help, Shift-Dir - straight line, f - jackal
Aim: a jackal (60% to hit)
The sting misses the jackal.
The jackal misses you.
You hit the jackal but do no damage.
The jackal bites you but does no damage.
You barely miss the jackal. The jackal bites you. The jackal barely misses you.
You barely miss the jackal. The jackal bites you.
* * * LOW HITPOINT WARNING * * *
You hit the jackal but do no damage. The jackal barely misses you.
The jackal bites you.
* * * LOW HITPOINT WARNING * * *
You hit the jackal.
The jackal is lightly wounded.
The jackal misses you.
You barely miss the jackal.
The jackal is lightly wounded.
The jackal closely misses you.
You miss the jackal.
The jackal is lightly wounded.
The jackal misses you. The jackal bites you.
You die...

........................>...#.###
.......#####(...##.####.....#....
#####..##.[....(##..........#####
.......##.......##.###......#
.......##.......#### #......#
################# #......#
#......# #.########......#
#...@h..........#
#.#######.####### #....# . #..†.#
... #....# .....##....#
...........# .....###...# ...#
#...#


You could see a jackal.

Vanquished Creatures
  A bat (D:1)
  A hobgoblin (D:1)
  2 jackals (D:1)
4 creatures vanquished.

Notes
Turn   | Place    | Note
-------+----------+-------------------------------------------
     0 | D:1      | Nattfarinn the Demonspawn Venom Mage began the quest for
                  | the Orb.
     0 | D:1      | Reached XP level 1. HP: 13/13 MP: 3/3
   218 | D:1      | Slain by a jackal

Illustrated notes

Levels and vault maps discovered:
D:1:      minmay_arrival_semitransparent, layout_basic

Action                     || total
---------------------------++-------
  Melee: Unarmed           ||    14
   Cast: Sting             ||     9
 Armour: Robe              ||     3
  Dodge: Dodged            ||    34

Table legend: (Time is in decaauts)
 A = Elapsed time spent in this place.
 B = Non-inter-level travel time spent in this place.
 C = Inter-level travel time spent in this place.
 D = Time resting spent in this place.
 E = Time spent auto-exploring this place.
 F = Levels seen in this place.
 G = Mean time per level.
                   A        B        C        D        E       F      G
               +--------+--------+--------+--------+--------+-----+--------+
         Total |    218 |    218 |      0 |      0 |    160 |   1 |  218.0 |
       Dungeon |    218 |    218 |      0 |      0 |    160 |   1 |  218.0 |
               +--------+--------+--------+--------+--------+-----+--------+

Top non-repeatable levels by time:
     D:1: 218 daAuts
